[Event "Titled Tuesday Blitz August 15 Late 2023"]
[White "Sarkar, Justin"]
[Black "Santos, Marcus Vinicius Moreira"]
[WhiteFideId "2010011"]
[BlackFideId "2103125"]
[WhiteElo "2231"]
[BlackElo "2448"]
[Result "1/2-1/2"]
[Round "2"]
[TimeControl "180+1"]
[Date "2023.08.15"]
[WhiteClock "0:00:10"]
[BlackClock "0:00:42"]
[Board "152"]

1. d4 g6 2. g3 f5 3. Bg2 Nf6 4. c4 Bg7 5. Nc3 O-O 6. Nf3 d6 7. O-O Qe8 8. Re1 e5 9. dxe5 dxe5 10. e4 f4 11. gxf4 Nh5 12. fxe5 Nc6 13. Nd5 Qf7 14. Qc2 Nxe5 15. Nxe5 Bxe5 16. Bh6 Bg7 17. Bxg7 Qxg7 18. e5 c6 19. Nf6+ Nxf6 20. exf6 Qxf6 21. Rad1 Bf5 22. Qe2 Rf7 23. Qe5 Raf8 24. Qxf6 Rxf6 25. Re7 R6f7 26. Rxf7 Rxf7 27. Rd8+ Rf8 28. Rxf8+ Kxf8 29. c5 Ke7 30. f4 Bb1 31. a3 Ke6 32. Kf2 Bf5 33. Ke3 h6 34. h4 Kf6 35. Kd4 Be6 36. b4 Kf5 37. Bh3+ Kf6 38. Bg2 Kf5 39. Bh3+ Kf6 40. Bg2 1/2-1/2


[Site "https://www.chess.com"]

[Event "Titled Tuesday Blitz August 15 Late 2023"]
[White "Kalaiyalahan, Akshaya"]
[Black "Kubatko, Ivan"]
[WhiteFideId "422894"]
[BlackFideId "24111473"]
[WhiteElo "2231"]
[BlackElo "2448"]
[Result "1-0"]
[Round "2"]
[TimeControl "180+1"]
[Date "2023.08.15"]
[WhiteClock "0:00:18"]
[BlackClock "0:00:00"]
[Board "153"]

1. b3 d5 2. Bb2 c5 3. e3 Nf6 4. Nf3 a6 5. d4 Nc6 6. Nbd2 Bg4 7. Be2 e6 8. O-O Bd6 9. h3 Bh5 10. Ne5 Bxe2 11. Qxe2 O-O 12. c4 cxd4 13. exd4 Rc8 14. Rac1 Re8 15. Rfd1 dxc4 16. bxc4 Qa5 17. Bc3 Qxa2 18. g4 Bxe5 19. dxe5 Nd7 20. Qe4 Nc5 21. Qf3 Nb3 22. Nxb3 Qxb3 23. Rb1 Qxc4 24. Rxb7 Re7 25. Rb6 Qc5 26. Rxc6 Qxc6 27. Qxc6 Rxc6 28. Rd8+ 1-0


[Site "https://www.chess.com"]

[Event "Titled Tuesday Blitz August 15 Late 2023"]
[White "Eggleston, Thomas A"]
[Black "Zampronha, Wladimir Camilo"]
[WhiteFideId "412139"]
[BlackFideId "2103087"]
[WhiteElo "2445"]
[BlackElo "2229"]
[Result "0-1"]
[Round "2"]
[TimeControl "180+1"]
[Date "2023.08.15"]
[WhiteClock "0:00:05"]
[BlackClock "0:00:03"]
[Board "154"]

1. e4 c5 2. b3 d5 3. exd5 Qxd5 4. Nf3 Nf6 5. Bb2 Bg4 6. Be2 Nc6 7. h3 Bh5 8. Nc3 Qd7 9. d3 e6 10. Ne4 Be7 11. Nxf6+ Bxf6 12. Bxf6 gxf6 13. Qd2 Nd4 14. Nxd4 Qxd4 15. c3 Qe5 16. g4 Bg6 17. f4 Qd6 18. O-O O-O-O 19. f5 Qg3+ 20. Kh1 Qxh3+ 21. Kg1 Bxf5 22. Rf2 Bxd3 23. Rh2 Qg3+ 24. Rg2 Qd6 25. Rd1 c4 26. bxc4 Qc5+ 27. Rf2 Bxe2 28. Qxe2 Rxd1+ 29. Qxd1 Qxc4 30. Rxf6 Rg8 31. Rxf7 Qxg4+ 32. Qxg4 Rxg4+ 33. Kf2 Rc4 34. Rxh7 Rxc3 35. Re7 Rc2+ 36. Ke3 Rxa2 37. Rxe6 Rc2 38. Kd3 Rc6 39. Re5 Kc7 40. Rh5 Kb6 41. Kd4 a5 42. Kd3 Ka6 43. Kd4 a4 44. Kd3 b5 45. Kd2 Ka5 46. Kd3 a3 47. Rh1 Ka4 48. Re1 b4 49. Rd1 Rd6+ 50. Ke2 Rxd1 51. Kxd1 a2 52. Ke2 a1=Q 53. Ke3 Ka3 54. Kf4 b3 55. Ke4 Qd1 56. Kf5 b2 57. Ke4 b1=Q+ 58. Ke5 Qbc1 59. Ke6 Qcd2 60. Kf5 Q2e2 61. Kg5 Qdf1 62. Kg6 Qeg2+ 63. Kh6 Qfh1# 0-1


[Site "https://www.chess.com"]

[Event "Titled Tuesday Blitz August 15 Late 2023"]
[White "Tsyhanchuk, Stanislav"]
[Black "Alexikov, Alexander"]
[WhiteFideId "13505130"]
[BlackFideId "14103958"]
[WhiteElo "2443"]
[BlackElo "2225"]
[Result "1-0"]
[Round "2"]
[TimeControl "180+1"]
[Date "2023.08.15"]
[WhiteClock "0:01:30"]
[BlackClock "0:00:10"]
[Board "156"]

1. c4 Nf6 2. Nc3 g6 3. d4 Bg7 4. e4 d6 5. f4 O-O 6. Nf3 c6 7. e5 Ne8 8. Bd3 a6 9. O-O b5 10. cxb5 axb5 11. Be3 Nc7 12. a3 Nd7 13. Be4 d5 14. Bc2 Nb6 15. b3 Bg4 16. f5 gxf5 17. h3 Bxf3 18. Qxf3 e6 19. Qg3 Kh8 20. Bg5 Qe8 21. Qh4 Rg8 22. Rxf5 Bf8 23. Bf6+ Rg7 24. Rh5 1-0


[Site "https://www.chess.com"]

[Event "Titled Tuesday Blitz August 15 Late 2023"]
[White "KSho99"]
[Black "ExchangeAB"]
[WhiteElo "2222"]
[BlackElo "2442"]
[Result "0-1"]
[Round "2"]
[TimeControl "180+1"]
[Date "2023.08.15"]
[WhiteClock "0:00:14"]
[BlackClock "0:01:17"]
[Board "157"]

1. Nf3 d5 2. e3 Nf6 3. b3 Bf5 4. Bb2 h6 5. c4 c6 6. Nc3 e6 7. h3 Nbd7 8. Be2 Bd6 9. O-O O-O 10. d3 Bh7 11. Re1 e5 12. Rc1 a6 13. Bf1 Qe7 14. e4 d4 15. Ne2 Bb4 16. Nd2 Rfc8 17. Rc2 b5 18. f4 a5 19. fxe5 Nxe5 20. Nxd4 Bc5 21. Kh1 Rd8 22. Nf5 Qe8 23. d4 Bxf5 24. dxe5 Nxe4 25. cxb5 Nf2+ 0-1


[Site "https://www.chess.com"]

[Event "Titled Tuesday Blitz August 15 Late 2023"]
[White "Andreassen, Lars"]
[Black "dr_tatiana"]
[WhiteFideId "1504878"]
[WhiteElo "2221"]
[BlackElo "2435"]
[Result "0-1"]
[Round "2"]
[TimeControl "180+1"]
[Date "2023.08.15"]
[WhiteClock "0:00:36"]
[BlackClock "0:01:00"]
[Board "158"]

1. d4 d5 2. Nf3 c6 3. c4 Nf6 4. Nc3 dxc4 5. e4 b5 6. e5 Nd5 7. a4 b4 8. Ne4 Bf5 9. Ng3 Bg6 10. Bxc4 e6 11. O-O Be7 12. a5 O-O 13. Bd2 c5 14. dxc5 Bxc5 15. Qb3 Nc6 16. Rfd1 Nxa5 17. Qa2 Nxc4 18. Qxc4 Rc8 19. Qb3 Qb6 20. Be1 Rfd8 21. Nh4 Nf4 22. Nxg6 Nxg6 23. Rxd8+ Rxd8 24. Ne4 a5 25. Qc4 Bd4 26. Rd1 Bxf2+ 27. Nxf2 Rxd1 28. Qc8+ Nf8 29. Kf1 Qb5+ 0-1


[Site "https://www.chess.com"]

[Event "Titled Tuesday Blitz August 15 Late 2023"]
[White "Buchenau, Frank"]
[Black "Osmonbekov, Talaibek"]
[WhiteFideId "4604350"]
[BlackFideId "2017253"]
[WhiteElo "2433"]
[BlackElo "2202"]
[Result "1-0"]
[Round "2"]
[TimeControl "180+1"]
[Date "2023.08.15"]
[WhiteClock "0:00:33"]
[BlackClock "0:00:00"]
[Board "159"]

1. e4 c5 2. Nf3 d6 3. Bb5+ Bd7 4. Bxd7+ Qxd7 5. c4 Nc6 6. d4 cxd4 7. Nxd4 Nf6 8. Nc3 g6 9. f3 Bg7 10. Be3 O-O 11. O-O Rac8 12. b3 Ne8 13. Rc1 Nc7 14. Nxc6 bxc6 15. Bxa7 c5 16. Bxc5 Ne6 17. Be3 Ra8 18. Qd2 Qb7 19. Nd5 Ra6 20. f4 Rfa8 21. Rc2 Nd8 22. f5 e6 23. f6 exd5 24. fxg7 dxe4 25. c5 dxc5 26. Bxc5 Ne6 27. Be3 Kxg7 28. Qc3+ Kg8 29. a4 f5 30. Qc4 Kg7 31. g4 f4 32. Bxf4 Nxf4 33. Rxf4 Qa7+ 34. Kg2 Re8 35. Qc7+ Qxc7 36. Rxc7+ Kg8 37. Rff7 Rae6 38. Rg7+ Kh8 39. Rxh7+ Kg8 40. Rcg7+ Kf8 41. Rb7 Kg8 42. Kf2 e3+ 43. Ke2 1-0


[Site "https://www.chess.com"]

[Event "Titled Tuesday Blitz August 15 Late 2023"]
[White "Cooklev, Steven"]
[Black "olackza"]
[WhiteFideId "2050552"]
[WhiteElo "2432"]
[BlackElo "2197"]
[Result "0-1"]
[Round "2"]
[TimeControl "180+1"]
[Date "2023.08.15"]
[WhiteClock "0:00:00"]
[BlackClock "0:00:03"]
[Board "160"]

1. e4 c5 2. Nf3 e6 3. d4 cxd4 4. Nxd4 a6 5. Be2 Qc7 6. O-O Nf6 7. Nc3 Bb4 8. Qd3 Nc6 9. Nxc6 dxc6 10. f4 O-O 11. e5 Bxc3 12. Qxc3 Nd5 13. Qg3 Ne7 14. Bd3 Ng6 15. h4 Ne7 16. f5 exf5 17. Bh6 Ng6 18. Bd2 Qxe5 19. Qf2 f4 20. Bc3 Qh5 21. Qd4 f6 22. Rae1 Bf5 23. Bc4+ Kh8 24. Qb6 Nxh4 25. Re7 Qg5 26. Rf2 f3 27. Bd2 Qg3 28. Qxb7 Nxg2 29. Qc7 Nf4+ 30. Kf1 Qh3+ 31. Ke1 Rae8 32. Kd1 Qh1+ 33. Rf1 Qg2 34. Rfe1 Rxe7 35. Qxe7 Rg8 36. Bxg8 f2 0-1


[Site "https://www.chess.com"]

[Event "Titled Tuesday Blitz August 15 Late 2023"]
[White "BeautiFullMindChess"]
[Black "Rangel, Daniel"]
[BlackFideId "2124475"]
[WhiteElo "2191"]
[BlackElo "2432"]
[Result "1-0"]
[Round "2"]
[TimeControl "180+1"]
[Date "2023.08.15"]
[WhiteClock "0:01:55"]
[BlackClock "0:02:37"]
[Board "161"]

1. e4 c5 2. Nc3 d6 3. d4 cxd4 4. Qxd4 Nd7 5. Nf3 Ngf6 6. Bg5 e6 7. O-O-O a6 8. Bc4 b5 9. Bb3 Bb7 10. e5 Bxf3 11. exf6 gxf6 12. gxf3 e5 13. Qd5 Qe7 14. Qxa8+ 1-0


[Site "https://www.chess.com"]

[Event "Titled Tuesday Blitz August 15 Late 2023"]
[White "Miszler, Levente"]
[Black "Petersson, Kjell"]
[WhiteFideId "763276"]
[BlackFideId "1705148"]
[WhiteElo "2432"]
[BlackElo "2180"]
[Result "1-0"]
[Round "2"]
[TimeControl "180+1"]
[Date "2023.08.15"]
[WhiteClock "0:00:16"]
[BlackClock "0:00:11"]
[Board "162"]

1. e4 c5 2. Nf3 d6 3. d4 cxd4 4. Nxd4 Nf6 5. Nc3 g6 6. Be3 Bg7 7. Be2 O-O 8. Qd2 Nc6 9. O-O-O Ng4 10. Nxc6 bxc6 11. Bd4 Bxd4 12. Qxd4 c5 13. Qd5 Be6 14. Qg5 Nxf2 15. h4 Nxd1 16. Bxd1 Kg7 17. h5 h6 18. Qg3 g5 19. e5 Rb8 20. Ne4 Qb6 21. b3 Qa5 22. exd6 Qxa2 23. dxe7 Qa1+ 24. Kd2 Qd4+ 25. Kc1 Qa1+ 26. Kd2 Qd4+ 27. Qd3 Qxd3+ 28. Kxd3 Rfe8 29. Nxc5 Rxe7 30. Bf3 Rd8+ 31. Kc3 Bf5 32. Ra1 Rc8 33. b4 Re3+ 34. Kd2 Re7 35. c4 g4 36. Bd5 Be6 37. Bxe6 fxe6 38. Kc3 Kf6 39. Rf1+ Kg5 40. Ne4+ Kxh5 41. Rf6 Rg8 42. g3 Rg6 43. Rf8 Rgg7 44. c5 Kg6 45. Rf6+ Kh7 46. Kd4 Rgf7 47. Ke5 Rxf6 48. Kxf6 Re8 49. Nd6 Rb8 50. c6 Rd8 51. c7 Rf8+ 52. Kxe6 Kg6 53. c8=Q Rxc8 54. Nxc8 Kg5 55. Ke5 h5 56. Nd6 h4 57. Ne4+ Kh5 58. gxh4 Kxh4 59. Kf4 Kh3 60. Ng3 Kh4 61. b5 Kh3 62. Nf5 g3 63. Nxg3 Kh4 64. Nf5+ Kh5 65. Nd6 Kg6 66. Nc8 Kf6 67. Nxa7 Ke6 68. Ke4 Kd7 69. Kd5 Kc7 70. Kc5 Kb7 71. b6 Kb8 72. Nb5 Kb7 73. Nd6+ Kb8 74. Kc6 Ka8 75. b7+ Kb8 76. Nf5 Ka7 77. Kc7 1-0


[Site "https://www.chess.com"]

[Event "Titled Tuesday Blitz August 15 Late 2023"]
[White "The_Straightforward_Rook"]
[Black "Tqebuchava, Zurab"]
[BlackFideId "13601113"]
[WhiteElo "2432"]
[BlackElo "2174"]
[Result "1/2-1/2"]
[Round "2"]
[TimeControl "180+1"]
[Date "2023.08.15"]
[WhiteClock "0:00:33"]
[BlackClock "0:00:12"]
[Board "163"]

1. d4 g6 2. e4 Bg7 3. Nf3 d6 4. Bd3 Bg4 5. c3 Nc6 6. Nbd2 Nf6 7. h3 Bxf3 8. Nxf3 O-O 9. O-O e5 10. Re1 h6 11. Be3 Re8 12. d5 Ne7 13. Nh2 Nh5 14. Qd2 Kh7 15. Ng4 Ng8 16. f3 Qh4 17. Qf2 Qxf2+ 18. Nxf2 Nf4 19. Bf1 g5 20. g3 Ng6 21. Bd3 h5 22. Bxg5 Bh6 23. h4 f6 24. Bxh6 Nxh6 25. Kh2 Rg8 26. Rg1 Rg7 27. Rg2 Rag8 28. a4 Nxh4 29. g4 Nxg2 30. Kxg2 hxg4 31. Rh1 gxf3+ 32. Kxf3 Rg3+ 33. Ke2 Rg2 34. Bb5 Kg7 35. Bd7 Nf7 36. Bh3 Rg5 37. Bf5 Rh8 38. Rf1 Rh2 39. b4 Nh6 40. Be6 Ng4 41. Bxg4 Rxg4 42. Kf3 Rf4+ 43. Ke3 Rh3+ 44. Kd2 Rhf3 45. Rg1+ Kf7 46. Ng4 Rxe4 47. Nh6+ Kf8 48. Rg8+ Ke7 49. Rg7+ Kf8 50. Rg8+ Ke7 51. Rg7+ Kd8 52. Nf7+ Ke8 53. Nh6 Rh4 54. Rg8+ Kd7 55. Rg7+ Kd8 56. Rg8+ Ke7 57. Rg7+ Kd8 58. Rg8+ Ke7 59. Rg7+ Kd8 1/2-1/2


[Site "https://www.chess.com"]

[Event "Titled Tuesday Blitz August 15 Late 2023"]
[White "Cueto, Jonny"]
[Black "financieru"]
[WhiteFideId "3300145"]
[WhiteElo "2174"]
[BlackElo "2430"]
[Result "0-1"]
[Round "2"]
[TimeControl "180+1"]
[Date "2023.08.15"]
[WhiteClock "0:00:00"]
[BlackClock "0:00:18"]
[Board "164"]

1. d4 Nf6 2. Bf4 g6 3. Nc3 d5 4. e3 Bg7 5. h4 h5 6. Be2 O-O 7. Nf3 c5 8. Nb5 Na6 9. c3 Re8 10. O-O Nd7 11. Qd2 e5 12. dxe5 Nxe5 13. Rfd1 Bg4 14. Nxe5 Bxe5 15. Bxe5 Rxe5 16. Bxg4 hxg4 17. g3 Nc7 18. Nxc7 Qxc7 19. Qe2 f5 20. Qb5 Kg7 21. Rd2 a6 22. Qb3 Qc6 23. Rad1 Rd8 24. c4 d4 25. exd4 cxd4 26. Qa3 g5 27. hxg5 Rh8 28. f3 Re3 29. Qa5 Rxf3 30. Qe5+ Kg6 31. Qf6+ Qxf6 32. gxf6 Rxg3+ 33. Kf2 Rf3+ 34. Kg2 Kxf6 35. Rxd4 Re8 36. Rd6+ Kg5 37. R1d2 Re1 38. Rb6 Ree3 39. Rxb7 Rg3+ 40. Kh2 Rh3+ 41. Kg2 Reg3+ 42. Kf2 f4 43. Rd5+ Kf6 44. Rb6+ Ke7 45. Re5+ Kd7 46. Rd5+ Kc7 47. Rg6 Rh2+ 48. Kf1 Rf3+ 49. Kg1 Rh7 50. Rc5+ Kd7 51. Rxg4 Re7 52. Rd5+ Kc6 53. Rd2 Kc5 54. b3 Kb4 55. Rg5 Kc3 56. Rgd5 Rfe3 57. Kf2 Rh7 58. Rd8 Rh2+ 59. Kg1 Rxd2 60. Rxd2 Kxd2 0-1


[Site "https://www.chess.com"]

[Event "Titled Tuesday Blitz August 15 Late 2023"]
[White "Manukian, Artak"]
[Black "Oliveira, Tiago Batista"]
[WhiteFideId "13301373"]
[BlackFideId "2108291"]
[WhiteElo "2428"]
[BlackElo "2168"]
[Result "1-0"]
[Round "2"]
[TimeControl "180+1"]
[Date "2023.08.15"]
[WhiteClock "0:01:05"]
[BlackClock "0:00:32"]
[Board "165"]

1. e4 e5 2. Nf3 Nc6 3. d4 exd4 4. Nxd4 Nf6 5. Nxc6 bxc6 6. e5 Qe7 7. Qe2 Nd5 8. c4 Ba6 9. b3 Qh4 10. Bb2 Bb4+ 11. Kd1 O-O-O 12. g3 Qe7 13. a3 Ba5 14. b4 Bb6 15. Qf3 Nxb4 16. axb4 Qxb4 17. Qc3 Qxc3 18. Nxc3 Bb7 19. Ne4 d5 20. exd6 f5 21. Bh3 g6 22. Bxh8 1-0


[Site "https://www.chess.com"]

[Event "Titled Tuesday Blitz August 15 Late 2023"]
[White "Sava, Christiansen-Danut-Eugen"]
[Black "Pein, Jonathan"]
[WhiteFideId "1210114"]
[BlackFideId "417092"]
[WhiteElo "2165"]
[BlackElo "2427"]
[Result "1-0"]
[Round "2"]
[TimeControl "180+1"]
[Date "2023.08.15"]
[WhiteClock "0:00:09"]
[BlackClock "0:00:12"]
[Board "166"]

1. Nf3 Nf6 2. g3 d5 3. Bg2 Bf5 4. O-O c6 5. d4 h6 6. c4 e6 7. Nbd2 Bd6 8. Qb3 Qb6 9. c5 Qxb3 10. axb3 Bc7 11. b4 a6 12. Nb3 Nbd7 13. Bf4 O-O-O 14. h4 Ne4 15. Bxc7 Kxc7 16. Ne5 Rhf8 17. g4 Bh7 18. f4 f6 19. Nxd7 Rxd7 20. Kh2 Rdf7 21. Bxe4 Bxe4 22. Nd2 Bh7 23. Kg3 Re7 24. Nf3 Rfe8 25. g5 Be4 26. Nd2 e5 27. Nxe4 exf4+ 28. Rxf4 Rxe4 29. gxf6 Rxf4 30. Kxf4 Rf8 31. Rg1 Rxf6+ 32. Ke3 Rf7 33. Rg6 Kd7 34. Kd3 Ke7 35. e4 Rf3+ 36. Ke2 dxe4 37. Rxg7+ Rf7 38. Rg6 Rf6 39. Rg7+ Ke6 40. Rxb7 Kd5 41. Rb6 Kxd4 42. Rxa6 e3 43. Ra3 Rf2+ 44. Ke1 Rxb2 45. Ra4 Kd3 46. Ra3+ Ke4 47. Ra6 Rxb4 48. Rxc6 Kf3 49. Rf6+ Ke4 50. Rxh6 Rb1+ 51. Ke2 Rb2+ 52. Ke1 Rc2 53. c6 Kf3 54. Rf6+ Kg4 55. Re6 Kf4 56. h5 Rc1+ 57. Ke2 Rc2+ 58. Kd3 Rd2+ 59. Kc3 Rd1 60. h6 Kf3 61. h7 Rh1 62. c7 Rxh7 63. c8=Q e2 64. Qf8+ Kg2 65. Rxe2+ Kh3 66. Qf3+ Kh4 67. Rh2+ Kg5 68. Rxh7 Kg6 69. Qh5+ Kf6 70. Rf7+ Ke6 71. Qf5+ Kd6 72. Rd7+ Kc6 73. Qd5+ Kb6 74. Rb7+ Ka6 75. Qb5# 1-0


[Site "https://www.chess.com"]

[Event "Titled Tuesday Blitz August 15 Late 2023"]
[White "Vafin, Ayrat"]
[Black "Florianovitz, Derlei Alex"]
[WhiteFideId "4146530"]
[BlackFideId "2114178"]
[WhiteElo "2427"]
[BlackElo "2161"]
[Result "1-0"]
[Round "2"]
[TimeControl "180+1"]
[Date "2023.08.15"]
[WhiteClock "0:00:10"]
[BlackClock "0:00:00"]
[Board "167"]

1. Nf3 c5 2. g3 Nc6 3. d4 cxd4 4. Nxd4 e6 5. Bg2 a6 6. c4 Nf6 7. Nc3 Bb4 8. O-O O-O 9. Bg5 Be7 10. Nc2 d6 11. b3 h6 12. Be3 Bd7 13. Rc1 Rc8 14. h3 Qa5 15. Qd2 Kh8 16. f4 b5 17. cxb5 axb5 18. Nd4 Nxd4 19. Bxd4 Nd5 20. Bxd5 exd5 21. Kh2 Rfe8 22. Rfd1 Bf8 23. e3 Be6 24. Qb2 b4 25. Na4 Qb5 26. Qf2 Rxc1 27. Rxc1 Qd3 28. Qc2 Qe4 29. Qxe4 dxe4 30. Rc7 Ra8 31. g4 Kg8 32. Kg3 Rc8 33. Rxc8 Bxc8 34. Nb6 Bb7 35. f5 g6 36. Nd7 Be7 37. Bf6 Bxf6 38. Nxf6+ Kg7 39. Ne8+ Kf8 40. Nxd6 Bd5 41. f6 Be6 42. Kf4 g5+ 43. Ke5 Kg8 44. Nxe4 Kh7 45. Nc5 Bc8 46. Nd3 Kg6 47. Nxb4 h5 48. Nd5 hxg4 49. Ne7+ Kh5 50. hxg4+ Bxg4 51. a4 Be6 52. a5 g4 53. Kf4 Kh4 54. a6 g3 55. a7 g2 56. a8=Q 1-0


[Site "https://www.chess.com"]

[Event "Titled Tuesday Blitz August 15 Late 2023"]
[White "Ribeiro, Matheus Mendes Domingues"]
[Black "campochess"]
[WhiteFideId "324226923"]
[WhiteElo "2426"]
[BlackElo "2154"]
[Result "1-0"]
[Round "2"]
[TimeControl "180+1"]
[Date "2023.08.15"]
[WhiteClock "0:01:21"]
[BlackClock "0:01:25"]
[Board "168"]

1. c4 e6 2. Nf3 c6 3. e3 d5 4. Nc3 Nf6 5. b3 Bb4 6. Bb2 O-O 7. Qc2 Nbd7 8. Ng5 h6 9. h4 Nb6 10. Nxd5 Bxd2+ 11. Qxd2 Nbxd5 12. cxd5 Qxd5 13. Qxd5 exd5 14. Nf3 Ne4 15. Bd3 Bf5 16. Ke2 Nd6 17. Bxf5 Nxf5 18. Nd4 Nd6 19. Ba3 Rfd8 20. Bxd6 Rxd6 21. Rac1 Re8 22. Rhd1 Rg6 23. g3 Rg4 24. b4 a6 25. a4 Rge4 26. b5 axb5 27. axb5 cxb5 28. Nxb5 Ra8 29. Rxd5 1-0


[Site "https://www.chess.com"]

[Event "Titled Tuesday Blitz August 15 Late 2023"]
[White "Quispe Santacruz, Javier"]
[Black "FuenfgegenWilly"]
[WhiteFideId "3800920"]
[WhiteElo "2143"]
[BlackElo "2424"]
[Result "1-0"]
[Round "2"]
[TimeControl "180+1"]
[Date "2023.08.15"]
[WhiteClock "0:00:19"]
[BlackClock "0:00:05"]
[Board "169"]

1. d4 d5 2. c4 e5 3. dxe5 d4 4. Nf3 Nc6 5. a3 Nge7 6. b4 Ng6 7. Bb2 Ncxe5 8. Nxe5 Nxe5 9. Qxd4 Qxd4 10. Bxd4 Nxc4 11. e4 Be6 12. f4 f6 13. Nc3 a5 14. Nd5 Bxd5 15. exd5 Nxa3 16. Rxa3 Bxb4+ 17. Rc3 Bxc3+ 18. Bxc3 O-O 19. Bc4 Rfe8+ 20. Kf2 Kh8 21. Rb1 b6 22. Bb5 Re4 23. g3 h5 24. d6 cxd6 25. Bc6 Rc4 26. Bxa8 Rxc3 27. Rxb6 Rc2+ 28. Kf3 Rxh2 29. Be4 g5 30. fxg5 fxg5 31. Rxd6 a4 32. Ra6 Ra2 33. Bc6 a3 34. Ke4 Rg2 35. Rxa3 h4 36. Kf5 Rxg3 37. Ra7 Rc3 38. Bd5 h3 39. Kg6 Rc8 40. Rh7# 1-0


[Site "https://www.chess.com"]

[Event "Titled Tuesday Blitz August 15 Late 2023"]
[White "WindWhistler11"]
[Black "laskakid"]
[WhiteElo "2424"]
[BlackElo "2135"]
[Result "1-0"]
[Round "2"]
[TimeControl "180+1"]
[Date "2023.08.15"]
[WhiteClock "0:01:32"]
[BlackClock "0:01:09"]
[Board "170"]

1. Nf3 Nf6 2. c4 g6 3. e3 Bg7 4. d4 O-O 5. Nc3 d6 6. Be2 c5 7. O-O Nbd7 8. b3 b6 9. Bb2 Bb7 10. Rc1 Rc8 11. h3 a6 12. Re1 Qc7 13. Bf1 e6 14. Rc2 Rfd8 15. d5 exd5 16. cxd5 b5 17. e4 Re8 18. Rce2 b4 19. Nb1 c4 20. bxc4 Qxc4 21. e5 Nxd5 22. e6 fxe6 23. Rxe6 Rxe6 24. Bxc4 Rxe1+ 25. Qxe1 Rxc4 26. Qe6+ Kf8 27. Bxg7+ Kxg7 28. Qxd7+ Kh6 29. Qxb7 Rc1+ 30. Kh2 1-0


[Site "https://www.chess.com"]

[Event "Titled Tuesday Blitz August 15 Late 2023"]
[White "Vila Dupla, Aurelio"]
[Black "Farmani Anosheh, Armin"]
[WhiteFideId "2203383"]
[BlackFideId "24613240"]
[WhiteElo "2121"]
[BlackElo "2422"]
[Result "0-1"]
[Round "2"]
[TimeControl "180+1"]
[Date "2023.08.15"]
[WhiteClock "0:00:00"]
[BlackClock "0:00:02"]
[Board "171"]

1. Nf3 c5 2. c4 Nc6 3. Nc3 Nf6 4. d4 cxd4 5. Nxd4 e6 6. a3 Qb6 7. e3 a6 8. Be2 Be7 9. O-O O-O 10. b4 d5 11. cxd5 exd5 12. Bf3 Rd8 13. Nxc6 bxc6 14. Qc2 a5 15. Na4 Qb8 16. bxa5 Rxa5 17. Bd2 Ra7 18. Rfb1 Qc7 19. Bb4 Bg4 20. Bxe7 Qxe7 21. Bxg4 Nxg4 22. h3 Ne5 23. Nb6 h5 24. a4 c5 25. a5 d4 26. exd4 cxd4 27. Re1 Qd6 28. Qe4 Ng6 29. Nc4 Qc5 30. Ne5 Re7 31. f4 Nxe5 32. fxe5 f6 33. Qg6 d3+ 34. Kh1 Rxe5 35. Red1 d2 0-1


[Site "https://www.chess.com"]

[Event "Titled Tuesday Blitz August 15 Late 2023"]
[White "Ottosen, David"]
[Black "Arnold, Ken"]
[WhiteFideId "2603080"]
[BlackFideId "2056836"]
[WhiteElo "2114"]
[BlackElo "2421"]
[Result "1-0"]
[Round "2"]
[TimeControl "180+1"]
[Date "2023.08.15"]
[WhiteClock "0:01:01"]
[BlackClock "0:00:13"]
[Board "172"]

1. e4 c6 2. d4 d5 3. e5 Bf5 4. Nf3 e6 5. Be2 Ne7 6. O-O Bg6 7. Re1 Nf5 8. h3 h5 9. Nbd2 Nd7 10. Nf1 Be7 11. Ne3 h4 12. c3 Qb6 13. Qb3 Rc8 14. Nxf5 Bxf5 15. Be3 c5 16. Rac1 c4 17. Qd1 Qxb2 18. Bg5 Qa3 19. Bxe7 Qxe7 20. Qa4 a6 21. Nh2 Rc6 22. Bg4 Bg6 23. f4 b5 24. Qd1 Bd3 25. Qf3 g6 26. Nf1 Nb6 27. Ne3 Be4 28. Qf2 Na4 29. Bf3 Bxf3 30. Qxf3 Nb2 31. Rf1 Nd3 32. Rc2 Qd7 33. Ng4 Kd8 34. Nf6 Qb7 35. Qg4 a5 36. Qg5 b4 37. Nxd5+ Kc8 38. Ne7+ Kb8 39. Nxc6+ Qxc6 40. cxb4 Nxb4 41. Rb2 Ka8 42. Qf6 Rd8 43. Qxd8+ 1-0


[Site "https://www.chess.com"]

[Event "Titled Tuesday Blitz August 15 Late 2023"]
[White "Hartikainen, Jarmo"]
[Black "Harriott, Tyrell"]
[WhiteFideId "503134"]
[BlackFideId "2086484"]
[WhiteElo "2106"]
[BlackElo "2419"]
[Result "0-1"]
[Round "2"]
[TimeControl "180+1"]
[Date "2023.08.15"]
[WhiteClock "0:00:04"]
[BlackClock "0:00:33"]
[Board "173"]

1. e4 d5 2. exd5 Nf6 3. d4 Qxd5 4. c4 Qe4+ 5. Be3 e5 6. Nc3 Bb4 7. Nf3 exd4 8. Qxd4 Nc6 9. Qxe4+ Nxe4 10. Rc1 Be6 11. Bd3 Nxc3 12. bxc3 O-O-O 13. cxb4 Rxd3 14. b5 Nb4 15. a4 Ra3 16. O-O Rxa4 17. Ra1 Na2 18. Nd2 Rd8 19. h3 Rd3 20. Rfb1 Rda3 21. g4 g6 22. Kg2 f6 23. c5 Bd5+ 24. f3 Rxe3 25. Rb2 Rea3 26. b6 a6 27. bxc7 Kxc7 28. Rd1 Bc6 29. Re1 Kd7 30. Ne4 f5 31. Nf6+ Kd8 32. Nxh7 Rxf3 33. Kh2 Raa3 34. Rd2+ Kc7 35. Re7+ Kb8 36. Rd8+ Ka7 37. Re6 Rxh3+ 38. Kg1 Rag3+ 39. Kf2 Rg2+ 40. Kf1 Rh1# 0-1


[Site "https://www.chess.com"]

[Event "Titled Tuesday Blitz August 15 Late 2023"]
[White "Szyszylo, Rafal"]
[Black "Milovic, Aleksandra"]
[WhiteFideId "1109626"]
[BlackFideId "933988"]
[WhiteElo "2417"]
[BlackElo "2099"]
[Result "1-0"]
[Round "2"]
[TimeControl "180+1"]
[Date "2023.08.15"]
[WhiteClock "0:01:12"]
[BlackClock "0:00:45"]
[Board "174"]

1. e4 e6 2. d4 d5 3. e5 c5 4. c3 Nc6 5. Nf3 Qb6 6. Bd3 cxd4 7. O-O Bd7 8. Re1 Be7 9. Nbd2 dxc3 10. bxc3 Nh6 11. Rb1 Qc7 12. Nb3 Nf5 13. Nbd4 Nh4 14. Nxh4 Bxh4 15. Nb5 Qb8 16. Nd6+ Kf8 17. Rxb7 Qd8 18. Ba3 Be7 19. Qf3 Bxd6 20. Bxd6+ Kg8 21. Reb1 Na5 22. Bc7 Qxc7 23. Rxc7 1-0


[Site "https://www.chess.com"]

[Event "Titled Tuesday Blitz August 15 Late 2023"]
[White "Sloan, Julia Elizabeth"]
[Black "Mazurkiewicz, Michal"]
[WhiteFideId "2018950"]
[BlackFideId "1124943"]
[WhiteElo "2082"]
[BlackElo "2412"]
[Result "0-1"]
[Round "2"]
[TimeControl "180+1"]
[Date "2023.08.15"]
[WhiteClock "0:01:19"]
[BlackClock "0:00:11"]
[Board "175"]

1. d4 Nf6 2. c4 e5 3. dxe5 Ng4 4. Nh3 Nxe5 5. e3 d5 6. cxd5 Bxh3 7. gxh3 Bd6 8. Bg2 Nbd7 9. Nc3 O-O 10. Qe2 f5 11. f4 Qh4+ 12. Kf1 Ng6 13. Qf2 Qe7 14. Bd2 Nc5 15. Qe2 a6 16. b4 Nd7 17. a3 Rae8 18. Qd3 Nh4 19. Rg1 Nxg2 20. Rxg2 Nf6 21. Qxf5 Kh8 22. Qd3 Qd7 23. e4 Bxf4 24. Bxf4 Nh5 25. Ne2 Nxf4 26. Nxf4 Rxf4+ 27. Rf2 Rexe4 28. Qxe4 Qxh3+ 29. Qg2 Rxf2+ 30. Kxf2 Qh4+ 31. Kg1 Qd4+ 32. Qf2 Qxa1+ 33. Kg2 Qf6 34. Qe3 Qg6+ 35. Kh3 h6 36. Qd4 Kh7 37. Qc5 Qd6 38. Qd4 g6 39. Qe4 Qf6 40. Qc4 Qf5+ 41. Kg2 Qe5 42. Qd3 h5 43. h3 Kh6 44. Qd2+ Qg5+ 45. Qxg5+ Kxg5 46. Kf3 Kf5 47. Ke3 g5 0-1


[Site "https://www.chess.com"]